 Dungeon Crawl Stone Soup version 0.31-a0-237-g2d982f9f85 (webtiles) character file.

Game seed: 5217635253702110596

928 qw the Skirmisher (level 7, 0/61 HPs)
             Began as a Minotaur Hexslinger on July 10, 2023.
             Slain by a sleepcap (3 damage)
             ... on level 5 of the Dungeon.
             The game lasted 00:01:21 (3857 turns).

qw the Skirmisher (Minotaur Hexslinger)             Turns: 3857, Time: 00:01:22

Health: 0/61       AC:  5    Str: 12    XL:     7   Next: 85%
Magic:  7/7        EV: 11    Int: 10    God:
Gold:   540        SH:  0    Dex: 15    Spells: 7/8 levels left

rFire   . . .        Y - +4 sling
rCold   . . .        (no shield)
rNeg    . . .        e - +0 ring mail
rPois   .            (helmet restricted)
rElec   .            (no cloak)
rCorr   .            (no gloves)
SInv    +            (no boots)
Will    .....        (no amulet)
Stlth   +            g - ring of see invisible
HPRegen 0.30/turn    i - +4 ring of slaying {mikee}
MPRegen 0.10/turn

%: no passive effects
@: no status effects
A: horns 2, retaliatory headbutt
a: no special abilities


You were on level 5 of the Dungeon.
You visited 1 branch of the dungeon, and saw 5 of its levels.

You collected 540 gold pieces.


Innate Abilities, Weirdness & Mutations

You have a pair of horns on your head.
You reflexively headbutt those who attack you in melee.


   Skills:
 - Level 5.6 Fighting
 + Level 8.6 Ranged Weapons
 - Level 1.0 Armour
 - Level 2.1 Dodging
 - Level 1.0 Spellcasting
 - Level 2.0 Hexes


You had 7 spell levels left.
You knew the following spells:

 Your Spells              Type           Power      Damage    Failure   Level
a - Slow                  Hex            16%        N/A       34%         1

Your spell library contained the following spells:

 Spells                   Type           Power      Damage    Failure   Level
 Inner Flame              Hex/Fire       2%         N/A       83%         3
 Portal Projectile        Hex/Tloc       4%         N/A       83%         3
 Cause Fear               Hex            2%         N/A       98%         4

Inventory:

Hand Weapons
 Y - a +4 sling (weapon)
Armour
 e - a +0 ring mail (worn)
Jewellery
 f - a ring of positive energy
 g - a ring of see invisible (left hand)
 i - a +4 ring of slaying (right hand) {mikee}
Scrolls
 a - a scroll of enchant armour {unknown}
 b - a scroll of identify
Potions
 d - a potion of ambrosia {unknown}

Dungeon Overview and Level Annotations

Branches:
Dungeon (5/15)
 Temple: D:4-7

Altars:
Ru
Uskayaw

Shops:
D:1 (


Message History

The gnoll hits you from afar with a +0 halberd!
You shoot a sling bullet. The sling bullet hits the gnoll.
The gnoll is moderately wounded.
The gnoll closely misses you.
You shoot a sling bullet. The sling bullet hits the gnoll!
You kill the gnoll!
The gnoll hits you from afar with a +0 halberd.
You shoot a sling bullet.
The sling bullet hits the sleepcap but does no damage.
The sleepcap releases spores at you. The gnoll barely misses you.
You shoot a sling bullet. The sling bullet hits the sleepcap!
The sleepcap is moderately damaged.
The gnoll closely misses you. The sleepcap barely misses you.
You shoot a sling bullet. The sling bullet hits the sleepcap.
The sleepcap is heavily damaged.
The gnoll misses you. The sleepcap releases spores at you.
You are engulfed in a cloud of soporific spores!
You fall asleep.
The sleepcap releases spores at you.
You wake up.
The gnoll completely misses you.
3854 ||| DRINKING potion of heal wounds.
You feel much better. The gnoll closely misses you.
The sleepcap closely misses you.
You shoot a sling bullet.
The sling bullet completely misses the sleepcap.
The gnoll hits you from afar with a +0 halberd.
The sleepcap releases spores at you.
You are engulfed in a cloud of soporific spores!
You are unaffected.
You shoot a sling bullet.
The sling bullet hits the sleepcap but does no damage.
The sleepcap is heavily damaged.
The gnoll hits you from afar with a +0 halberd!
The sleepcap barely misses you.
You shoot a sling bullet. The sling bullet hits the sleepcap.
The sleepcap is severely damaged.
The sleepcap releases spores at you but does no damage.
The gnoll hits you from afar with a +0 halberd. x2
The sleepcap releases spores at you.
You die...

..###...# #.# .#...#.}. ...
.....#... .. ...........
........#. .....)g.. #####
#..f)#### #...### #)@.#.#
#.....# ##...#.###....## ..
##.............# ........##
#..............#
~~......#.####..........#..#
#~.....#...............##.##
#~................#########
~~...............##
~~...............#


You could see a sleepcap and a gnoll.

Vanquished Creatures
  2 ogres
  A gnoll sergeant (D:5)
  2 scorpions (D:4)
  2 jellies (D:4)
  3 hounds (D:4)
  A gnoll bouda (D:4)
  An orc priest (D:4)
  3 iguanas
  A sleepcap (D:5)
  2 orc wizards (D:3)
  2 gnolls (D:5)
  11 adders
  3 worms
  4 dart slugs
  16 orcs
  3 ball pythons
  7 endoplasms
  2 giant cockroaches (D:4)
  8 goblins
  3 hobgoblins
  A jackal (D:4)
  2 quokkas (D:4)
  4 bats
  4 frilled lizards
  5 kobolds
  4 rats
97 creatures vanquished.

Notes
Turn   | Place    | Note
-------+----------+-------------------------------------------
     0 | D:1      | qw the Minotaur Hexslinger began the quest for the Orb.
     0 | D:1      | Reached XP level 1. HP: 16/16 MP: 1/1
     0 | D:1      | 0 ||| qw: Version: 0.3-a-52-g30416fa
     0 | D:1      | 0 ||| qw: Game counter: 5121
     0 | D:1      | 0 ||| qw: Melee chars always use a shield: true
     0 | D:1      | 0 ||| qw: God list: Okawaru
     0 | D:1      | 0 ||| qw: Allow faded altars: false
     0 | D:1      | 0 ||| qw: Do Orc after clearing Dungeon:15 true
     0 | D:1      | 0 ||| qw: Do second Lair branch before Depths: true
     0 | D:1      | 0 ||| qw: Lair rune preference: random
     0 | D:1      | 0 ||| qw: Goals: Normal
     0 | D:1      | 0 ||| PLANNING D:1-11
   131 | D:1      | Reached skill level 3 in Ranged Weapons
   137 | D:1      | Reached XP level 2. HP: 23/23 MP: 2/2
   267 | D:1      | Found Veebosk's Antique Weapon Boutique.
   602 | D:1      | 602 ||| UPGRADING to +0 leather armour.
   612 | D:1      | 612 ||| DROPPING +0 robe.
   613 | D:1      | 613 ||| READING 3 scrolls labelled KIOXIA DOAF.
   614 | D:1      | 614 ||| READING 2 scrolls of enchant weapon.
   614 | D:1      | 614 ||| ENCHANTING +2 sling.
   615 | D:1      | 615 ||| READING scroll of enchant weapon.
   615 | D:1      | 615 ||| ENCHANTING +3 sling.
   616 | D:1      | 616 ||| READING scroll labelled LECKAVOJIG.
   617 | D:1      | 617 ||| READING scroll labelled TEUCUCI WETAFE.
   620 | D:1      | 620 ||| DRINKING 2 fuming orange potions.
   621 | D:1      | 621 ||| DROPPING scroll of poison.
   622 | D:1      | 622 ||| DROPPING potion of degeneration.
   669 | D:2      | Reached XP level 3. HP: 29/29 MP: 3/3
   714 | D:2      | Reached skill level 4 in Ranged Weapons
   893 | D:2      | 893 ||| FLEEEEING.
  1311 | D:2      | Reached XP level 4. HP: 36/36 MP: 4/4
  1408 | D:2      | 1408 ||| UPGRADING to +0 ring mail.
  1418 | D:2      | 1418 ||| DROPPING +0 leather armour.
  1419 | D:2      | 1419 ||| READING 3 scrolls labelled TOLOPEUFAOGG.
  1420 | D:2      | 1420 ||| READING scroll labelled VANEN QYVAEM.
  1421 | D:2      | 1421 ||| DRINKING 2 grey potions.
  1422 | D:2      | 1422 ||| DRINKING 2 silvery potions.
  1423 | D:2      | 1423 ||| READING 2 scrolls of identify.
  1423 | D:2      | 1423 ||| IDENTIFYING fuming red potion
  1424 | D:2      | 1424 ||| DROPPING potion of invisibility.
  1425 | D:2      | 1425 ||| DROPPING potion of attraction.
  1492 | D:3      | Reached skill level 1 in Armour
  1536 | D:3      | Reached skill level 5 in Ranged Weapons
  1625 | D:3      | Found a sacrificial altar of Ru.
  1770 | D:3      | Reached skill level 3 in Fighting
  1770 | D:3      | Reached XP level 5. HP: 45/45 MP: 5/5
  2108 | D:3      | 2108 ||| UPGRADING to ring of see invisible.
  2109 | D:3      | 2109 ||| UPGRADING to ring of positive energy.
  2110 | D:3      | 2110 ||| READING scroll labelled KEEROGR QOESO.
  2229 | D:4      | 2229 ||| PLANNING OSSUARY
  2390 | D:4      | Found a hide-covered altar of Uskayaw.
  2422 | D:4      | Reached skill level 6 in Ranged Weapons
  2502 | D:4      | 2502 ||| FLEEEEING.
  2661 | D:4      | Reached XP level 6. HP: 51/51 MP: 6/6
  2895 | D:4      | 2895 ||| RIP OSSUARY
  2906 | D:4      | 2906 ||| PLANNING D:1-11
  3111 | D:4      | 3111 ||| FLEEEEING.
  3112 | D:4      | 3112 ||| FLEEEEING.
  3113 | D:4      | 3113 ||| FLEEEEING.
  3114 | D:4      | 3114 ||| FLEEEEING.
  3115 | D:4      | 3115 ||| STAIRDANCE
  3194 | D:3      | 3194 ||| UPGRADING to +4 ring of slaying {mikee}.
  3196 | D:3      | 3196 ||| READING scroll labelled UCYCUA PELOW.
  3197 | D:3      | 3197 ||| READING 2 scrolls of identify.
  3197 | D:3      | 3197 ||| IDENTIFYING murky brown potion
  3198 | D:3      | 3198 ||| DROPPING potion of magic.
  3271 | D:4      | Reached skill level 7 in Ranged Weapons
  3328 | D:4      | Reached XP level 7. HP: 53/59 MP: 7/7
  3374 | D:4      | Reached skill level 8 in Ranged Weapons
  3722 | D:5      | Entered Level 5 of the Dungeon
  3852 | D:5      | HP: 14/61 [sleepcap (6)]
  3854 | D:5      | 3854 ||| DRINKING potion of heal wounds.
  3857 | D:5      | HP: 9/61 [gnoll/+0 halberd[a gnoll sergeant] (3)]
  3857 | D:5      | HP: 3/61 [gnoll/+0 halberd[a gnoll sergeant] (6)]
  3857 | D:5      | Slain by a sleepcap

Levels and vault maps discovered:
D:1:      wander_arrival_abandoned_jail, layout_basic, serial_rivers,
          chequers_serial_rivers_large_b, chequers_serial_rivers_small_b,
          chequers_serial_rivers_micro_e, chequers_serial_rivers_small_b,
          chequers_serial_rivers_room_b, chequers_serial_rivers_small_b,
          serial_shops, shop, chequers_serial_rivers_micro_a
D:2:      layout_basic, minmay_tetromino_i2
D:3:      layout_loops_ring, nicolae_ru_path_of_blood,
          chequers_serial_rivers_small_3, kennysheep_generic_room_16
D:4:      minmay_polygon_palace, layout_gridville,
          nicolae_overflow_crystal_walls, enter_ossuary_5
D:5:      layout_cave_pools, lemuel_mausoleum_altar_yredelemnul,
          minmay_temple_entry_junction_2, serial_shops, shop_fountains, shop,
          nicolae_square_shop, lightli_minifort, uniq_edmund

Skill      XL: |  1  2  3  4  5  6  7 |
---------------+----------------------+-----
Ranged Weapons | 3 4 5 6 7 8 |  8.6
Fighting       | 2 3 4 5 |  5.6
Armour         | 1 |  1.0
Dodging        | |  2.1
Spellcasting   | |  1.0
Hexes          | |  2.0

Action                     |  1- 3 |  4- 6 |  7- 9 || total
---------------------------+-------+-------+-------++-------
   Fire: Sling             |    83 |   157 |    50 ||   290
    Use: Scroll            |     5 |     6 |       ||    11
         Potion            |     1 |     2 |     1 ||     4
 Armour: Leather armour    |     6 |       |       ||     6
         Ring mail         |       |    39 |     8 ||    47
  Dodge: Dodged            |    13 |    31 |    26 ||    70

Table legend:
 A = Non-vault XP
 B = Vault XP
 C = Vault XP percentage of total XP
 D = Non-vault monster count
 E = Vault monster count
 F = Vault count percentage of total count
                 A         B        C        D         E       F
            +---------+---------+-------+---------+---------+-------
      Total |     901 |     425 |  32.1 |      79 |      18 |  18.6
            +---------+---------+-------+---------+---------+-------
        D:1 |      23 |       0 |   0.0 |      13 |       0 |   0.0
        D:2 |      74 |       1 |   1.3 |      19 |       1 |   5.0
        D:3 |     172 |       2 |   1.1 |      26 |       1 |   3.7
        D:4 |     292 |     422 |  59.1 |      14 |      16 |  53.3
        D:5 |     340 |       0 |   0.0 |       7 |       0 |   0.0
            +---------+---------+-------+---------+---------+-------
